cohdb
Replays
Latest Replays
All Replays
Popular Replays
Top Player Replays
Match Explorer
How It Works
Community
CoH3 Stats
Reddit
Sign in to upload your games and track your stats! →
Sign in with Steam
Match 45683596
Unlisted
Match 45683596
Overview
Messages
Build Orders
End
Kradschützen Motorcycle Team
Selects Panzerjäger Kommand Battlegroup
Panzergrenadier Squad
250 Light Carrier
Selects Mine Fields
Construct Light Support Kompanie
Kradschützen Motorcycle Team
Selects GrB 39 Grenade Launcher Requisition
250 Light Carrier
Fire Support Elements
Panzerjäger Squad
Assault Mechanized Group
Selects Crew Shock Tactics
250 Light Carrier
Vehicle Survival Package
Flakvierling Half-track
Tungsten Core Ammunition
Selects Defensive Positions
le.IG 18 Support Gun Team
Assault Mechanized Group
Panzerjäger Squad
Selects Butterfly Bomb Drop
Construct Panzerarmee Kommand
Butterfly Bomb Drop
Panzerjäger Squad
Selects Anti-tank Overwatch
Anti-tank Overwatch
Panzer III L Medium Tank
Emergency Repair Kits
Armored Reserves
Anti-tank Overwatch
Ares
RedLeaderToBase
Epouvente
aSIIDemolitionHammer
0
0
Comments
sign in to comment!
No comments posted yet!